 Dungeon Sprint DCSS version 0.26-a0-663-g36e8fdb655 (webtiles) character file.

Game seed: 1497511882294438876

546 sahdkjhfkaj the Geomancer (level 7, -6/36 HPs)
             Began as a Gargoyle Earth Elementalist on Oct 12, 2020.
             Mangled by a polar bear (20 damage)
             ... in the Dungeon (Sprint II: "The Violet Keep of Menkaure").
             The game lasted 00:01:13 (402 turns).

sahdkjhfkaj the Geomancer (GrEE)                     Turns: 402, Time: 00:01:13

Health: -6/36      AC:  6    Str: 13    XL:     7   Next: 28%
Magic:  18/18      EV: 12    Int: 16    God:
Gold:   486        SH:  0    Dex: 10    Spells: 13/22 levels left

rFire    . . .     SeeInvis .   (no weapon)
rCold    . . .     Faith    .   (no shield)
rNeg     + . .     Spirit   .   c - +0 robe
rPois    ∞         Reflect  .   (no helmet)
rElec    +         Harm     .   (no cloak)
rCorr    .         Rampage  .   (no gloves)
MR       .....     NoTele   +   (no boots)
Stlth    ++........             (no amulet)
HPRegen  0.12/turn              (no ring)
MPRegen  0.16/turn              (no ring)

@: no status effects
A: negative energy resistance 1, electricity resistance, unbreathing,
petrification resistance, rot immunity, AC +4
a: no special abilities


You were in the Dungeon.
You visited 1 branch You collected 486 gold pieces.

Inventory:

Missiles
 b - 21 stones (quivered)
Armour
 c - a +0 robe (worn)
Scrolls
 i - a scroll of blinking
Potions
 d - a potion of curing
 e - a potion of heal wounds
 f - a potion of haste


   Skills:
 - Level 1.5 Dodging
 - Level 2.1 Stealth
 + Level 8.3 Spellcasting
   Level 0.7 Transmutations
 * Level 14.4 Earth Magic


You had 13 spell levels left.
You knew the following spells:

 Your Spells              Type           Power        Failure   Level
a - Sandblast             Erth           ######       1%          1
c - Stone Arrow           Conj/Erth      ####..       1%          3
d - Lee's Rapid Deconstr  Erth           ######....   1%          5

Your spell library contained the following spells:

 Spells                   Type           Power        Failure   Level
 Passwall                 Tmut/Erth      ####....     1%          2
 Petrify                  Tmut/Erth      ####....     4%          4


Dungeon Overview and Level Annotations

Branches:
Dungeon (1/1)

Altars:
Cheibriados
Dithmenos
Elyvilon
Fedhas
Gozag
Hepliaklqana
Kikubaaqudgha
Makhleb
Nemelex Xobeh
Okawaru
Qazlal
Ru
Sif Muna
Trog
Uskayaw
Vehumet
Wu Jian
Xom
Yredelemnul
Zin
The Shining One
Beogh
Jiyva
Lugonu


Innate Abilities, Weirdness & Mutations

You are resistant to torment.
Your stone body is resilient. (AC +4)
You are immune to poison.
You resist negative energy. (rN+)
You are resistant to electric shocks. (rElec)
You can survive without breathing.
You are immune to petrification.
You are immune to rotting.


Message History

b - 21 stones The water moccasin hisses angrily.
The polar bear bites you but does no damage.
The polar bear claws you but does no damage.
The polar bear closely misses you.
Unknown command.
The water moccasin hisses angrily.
The polar bear closely misses you. The polar bear claws you. x2
Found a scroll labeled CIMOGY REULE, a helmet and a bubbling clear potion.
There is a snail-covered altar of Cheibriados here.
Magic courses through your body. The polar bear bites you!
* * * LOW HITPOINT WARNING * * *
The polar bear claws you but does no damage.
The polar bear barely misses you.
Casting: Sandblast (safe; 1% risk of failure)
Confirm with . or Enter, or press ? or * to list all spells.
You don't know that spell.
The polar bear bites you!!
Ouch! That really hurt!
You die...

##.##..# +^.# y#▓!!($$(!
#††.#..# #..# .#▓$$()(?[
'##.'..####..##.#▓)$(!!$?
#.###....###...##▓▓▓▓▓▓▓+
#.##...§..≈≈h≈≈≈≈≈≈≈≈≈≈.
##≈≈..§..≈#'########+#
#≈≈≈≈≈≈≈§§≈#.y†c._..#§§§
#≈≈≈≈≈≈≈≈.≈#...h_._.#S§≈
#≈≈≈≈≈≈≈≈≈§≈#...@._._#S§§
≈≈≈§≈≈≈≈§≈≈≈#.._._._.#≈§≈
++#≈≈≈≈≈≈≈≈§#._._._._#§§§
##§≈≈###≈§#_._._._.#§§≈
#≈≈#._._._._#≈≈≈
#≈≈#_._._...#§§§
≈§≈##########§§§
####≈≈≈≈≈≈≈≈§≈≈


You could see 2 polar bears, a yaktaur, a hornet and 2 water moccasins.

Vanquished Creatures
  A polar bear (D)
  4 necrophages (D)
  3 worms (D)
8 creatures vanquished.

Vanquished Creatures (others)
  A water moccasin (D)
1 creature vanquished.

Grand Total: 9 creatures vanquished

Notes
Turn   | Place    | Note
-------+----------+-------------------------------------------
     0 | D        | sahdkjhfkaj the Gargoyle Earth Elementalist began the quest
                  | for the Orb.
     0 | D        | Reached XP level 1. HP: 10/10 MP: 3/3
     1 | D        | Noticed a necrophage
     1 | D        | Noticed a necrophage
     1 | D        | Noticed a necrophage
     1 | D        | Noticed a necrophage
    13 | D        | Killed a necrophage
    13 | D        | Reached skill level 9 in Earth Magic
    13 | D        | Reached XP level 2. HP: 15/15 MP: 3/7
    13 | D        | Reached XP level 3. HP: 19/19 MP: 3/9
    13 | D        | Reached XP level 4. HP: 24/24 MP: 3/10
    26 | D        | Killed a necrophage
    26 | D        | Reached skill level 5 in Spellcasting
    26 | D        | Reached skill level 10 in Earth Magic
    26 | D        | Reached XP level 5. HP: 6/28 MP: 3/13
    30 | D        | Killed a necrophage
    30 | D        | Reached skill level 12 in Earth Magic
    30 | D        | Reached XP level 6. HP: 7/32 MP: 0/15
    32 | D        | Killed a necrophage
    32 | D        | Reached skill level 13 in Earth Magic
   266 | D        | Killed a water moccasin
   289 | D        | Learned a level 5 spell: Lee's Rapid Deconstruction
   293 | D        | Learned a level 3 spell: Stone Arrow
   384 | D        | Found a blossoming altar of Fedhas.
   385 | D        | Found a white marble altar of Elyvilon.
   385 | D        | Found an opulent altar of Gozag.
   385 | D        | Found a burning altar of Makhleb.
   386 | D        | Found a shadowy altar of Dithmenos.
   386 | D        | Found a corrupted altar of Lugonu.
   387 | D        | Found a snail-covered altar of Cheibriados.
   387 | D        | Found an ancient bone altar of Kikubaaqudgha.
   387 | D        | Found a bloodstained altar of Trog.
   388 | D        | Found a roughly hewn altar of Beogh.
   388 | D        | Found a viscous altar of Jiyva.
   388 | D        | Found a shimmering blue altar of Sif Muna.
   389 | D        | Found a hazy altar of Hepliaklqana.
   389 | D        | Found a sacrificial altar of Ru.
   390 | D        | Found a shimmering altar of Xom.
   391 | D        | Found a stormy altar of Qazlal.
   391 | D        | Found an ornate altar of the Wu Jian Council.
   391 | D        | Found a sparkling altar of Nemelex Xobeh.
   391 | D        | Found a hide-covered altar of Uskayaw.
   391 | D        | Found a basalt altar of Yredelemnul.
   391 | D        | Found a glowing golden altar of the Shining One.
   391 | D        | Noticed a hornet
   391 | D        | Noticed a polar bear
   391 | D        | Noticed a polar bear
   391 | D        | Noticed a polar bear
   393 | D        | Noticed a yaktaur
   394 | D        | Found a radiant altar of Vehumet.
   394 | D        | Found an iron altar of Okawaru.
   394 | D        | Found a glowing silver altar of Zin.
   396 | D        | Noticed a water moccasin
   398 | D        | Killed a polar bear
   398 | D        | Reached skill level 14 in Earth Magic
   398 | D        | Reached XP level 7. HP: 36/36 MP: 1/18
   402 | D        | Mangled by a polar bear

Illustrated notes

Levels and vault maps discovered:
D:        the_violet_keep_of_menkaure [sprint2_stairs_cluster_1,
          sprint2_shoproom, sprint2_temple, sprint2_basic_supplies,
          sprint2_obstacle_2, sprint2_obstacle_3, sprint2_obstacle_7,
          sprint2_obstacle_6, sprint2_obstacle_5, sprint2_timed_cluster_1,
          sprint2_smallroom_cluster_1, sprint2_smallroom_final_cluster_1,
          sprint2_transparent_cluster_1, sprint2_second_timed_cluster_1,
          sprint2_sniper_area_1, sprint2_heavy_combat_area_1,
          sprint2_mutation_trap_area_1, sprint2_forest_area_1,
          sprint2_light_combat_area_1, sprint2_behind_water_1,
          sprint2_near_end_vault_1]

Skill      XL: |  1  2  3  4  5  6 |
---------------+-------------------+-----
Spellcasting   | 4 5 6 8 |  8.3
Earth Magic    | 9 10 12 14 | 14.4
Dodging        | |  1.5
Stealth        | |  2.1
Transmutations | |  0.7

Action                   |  1- 3 |  4- 6 |  7- 9 || total
-------------------------+-------+-------+-------++-------
Melee: Unarmed           |     9 |    13 |       ||    22
 Cast: Sandblast         |     1 |     6 |     2 ||     9
       Lee's Rapid Decon |       |     5 |       ||     5
  Use: Potion            |     2 |       |     1 ||     3
Armor: Robe              |     3 |     4 |     3 ||    10
Dodge: Dodged            |     3 |    13 |     3 ||    19

Table legend: (Time is in decaauts)
 A = Elapsed time spent in this place.
 B = Non-inter-level travel time spent in this place.
 C = Inter-level travel time spent in this place.
 D = Time resting spent in this place.
 E = Time spent auto-exploring this place.
 F = Levels seen in this place.
 G = Mean time per level.
                   A        B        C        D        E       F      G
               +--------+--------+--------+--------+--------+-----+--------+
         Total |    415 |    415 |      0 |    327 |      0 |   1 |  415.0 |
       Dungeon |    415 |    415 |      0 |    327 |      0 |   1 |  415.0 |
               +--------+--------+--------+--------+--------+-----+--------+

Top non-repeatable levels by time:
       D: 415 daAuts
